 Dungeon Crawl Stone Soup version 0.29-a0-359-g541a27f54d (webtiles) character file.

Game seed: 15905227019799805507

2 purpskrrrp the Caller (level 1, 0/13 HPs)
             Began as a Demonspawn Summoner on Apr 27, 2022.
             Slain by a jackal (1 damage)
             ... on level 1 of the Dungeon.
             The game lasted 00:02:18 (57 turns).

purpskrrrp the Caller (Demonspawn Summoner)           Turns: 57, Time: 00:02:19

Health: 0/13       AC:  6    Str:  8    XL:     1   Next: 33%
Magic:  3/3        EV:  8    Int: 16    God:
Gold:   7          SH:  0    Dex: 13    Spells: 3/4 levels left

rFire   . . .      SeeInvis .   c - +0 hand axe
rCold   . . .      Faith    .   (no shield)
rNeg    . . .      Spirit   .   d - +0 scale mail
rPois   .          Reflect  .   (no helmet)
rElec   .          Harm     .   (no cloak)
rCorr   .          Rampage  .   (no gloves)
Will    .....                   (no boots)
Stlth   ..........              (no amulet)
HPRegen 0.04/turn               (no ring)
MPRegen 0.08/turn               (no ring)

@: no status effects
A: no striking features
a: no special abilities


You were on level 1 of the Dungeon.
You visited 1 branch of the dungeon, and saw 1 of its levels.

You collected 7 gold pieces.

Inventory:

Hand Weapons
 c - a +0 hand axe (weapon)
Armour
 a - a +0 robe
 d - a +0 scale mail (worn)
Potions
 b - a potion of magic
 e - a potion of curing {unknown}


   Skills:
 + Level 2.0 Dodging
 + Level 1.7 Stealth
 + Level 2.0 Spellcasting
 + Level 4.0 Summonings


You had 3 spell levels left.
You knew the following spells:

 Your Spells              Type           Power      Damage    Failure   Level
a - Summon Small Mammal   Summ           56%        N/A       38%         1

Your spell library contained the following spells:

 Spells                   Type           Power      Damage    Failure   Level
 Call Imp                 Summ           14%        N/A       52%         2
 Call Canine Familiar     Summ           14%        N/A       77%         3
 Summon Guardian Golem    Hex/Summ       8%         N/A       95%         3
 Summon Lightning Spire   Summ/Air       8%         N/A       100%        4


Dungeon Overview and Level Annotations

Branches:
Dungeon (1/15)

Altars:


Message History

You finish taking off your +0 robe.
You start putting on your armour.
You continue putting on your +0 scale mail. x5
You finish putting on your +0 scale mail.
Unknown command.
Found a club.
You now have 7 gold pieces.
e - a pink potion You see here a +0 club.
A hobgoblin comes into view.
The hobgoblin shouts!
You hear a bark!
The hobgoblin moves out of view.
A hobgoblin is nearby!
A jackal comes into view.
You barely miss the hobgoblin.
The jackal barks!
You hear a bark! x2; You hear an angry hiss.
You hear a bark!
The hobgoblin hits you but does no damage.
The hobgoblin hits you.
You barely miss the hobgoblin.
A jackal comes into view. x2
The hobgoblin hits you but does no damage.
You hit the hobgoblin but do no damage. The hobgoblin barely misses you.
You hit the hobgoblin.
You kill the hobgoblin!
Your Dodging skill increases to level 2!
You barely miss the jackal.
The jackal bites you but does no damage.
You hit the jackal but do no damage. The jackal bites you.
A bat comes into view.
The jackal bites you. x2
* * * LOW HITPOINT WARNING * * *
The jackal closely misses you.
You see here a hobgoblin corpse.
You hit the jackal.
The jackal is heavily wounded.
You closely miss the jackal. You barely miss the jackal. The jackal bites you.
* * * LOW HITPOINT WARNING * * *
The jackal bites you but does no damage.
The jackal misses you. The jackal bites you.
You die...

#. #. .. ##. #..
#..###.........#
#bhh##.........#
#@##.........#
#.h#.........#
##.#.........#
#.#.........#
#)#.........#
#...........#
##..........#
#..#.#######
##.#.#######


You could see 3 jackals and a bat.

Vanquished Creatures
  A hobgoblin (D:1)
  A bat (D:1)
  A goblin (D:1)
3 creatures vanquished.

Notes
Turn   | Place    | Note
-------+----------+-------------------------------------------
     0 | D:1      | purpskrrrp the Demonspawn Summoner began the quest for the
                  | Orb.
     0 | D:1      | Reached XP level 1. HP: 13/13 MP: 3/3
    57 | D:1      | Slain by a jackal

Illustrated notes

Levels and vault maps discovered:
D:1:      eino_arrival_druids_welcome, layout_basic,
          dreamdust_ecumenical_altar_grove, minmay_misc_feat_enclosed

Skill      XL: |  1 |
---------------+----+-----
Dodging        | 2 |  2.0
Stealth        | |  1.7
Spellcasting   | |  2.0
Summonings     | |  4.0

Action                   || total
-------------------------++-------
Melee: Hand axe          ||    15
Armor: Robe              ||     5
       Scale mail        ||     4
Dodge: Dodged            ||    15

Table legend: (Time is in decaauts)
 A = Elapsed time spent in this place.
 B = Non-inter-level travel time spent in this place.
 C = Inter-level travel time spent in this place.
 D = Time resting spent in this place.
 E = Time spent auto-exploring this place.
 F = Levels seen in this place.
 G = Mean time per level.
                   A        B        C        D        E       F      G
               +--------+--------+--------+--------+--------+-----+--------+
         Total |     60 |     44 |     16 |      0 |      2 |   1 |   60.0 |
       Dungeon |     60 |     44 |     16 |      0 |      2 |   1 |   60.0 |
               +--------+--------+--------+--------+--------+-----+--------+

Top non-repeatable levels by time:
     D:1: 60 daAuts
